 Dungeon Crawl Stone Soup version 0.28-a0-706-gf6f64a616a (webtiles) character file.

Game seed: 1841130602775546686

190 lawman0 the Ruffian (level 5, 46/46 HPs)
             Began as a Troll Arcane Marksman on Oct 24, 2021.
             Was a Follower of Nemelex Xobeh.
             Quit the game on level 3 of the Dungeon.
             The game lasted 00:03:15 (2429 turns).

lawman0 the Ruffian (Troll Arcane Marksman)         Turns: 2429, Time: 00:03:15

Health: 46/46      AC:  4    Str: 18    XL:     5   Next: 41%
Magic:  5/5        EV: 10    Int: 10    God:    Nemelex Xobeh [*.....]
Gold:   95         SH:  0    Dex: 10    Spells: 2/6 levels left

rFire   . . .      SeeInvis .     - Unarmed
rCold   . . .      Faith    .   (no shield)
rNeg    . . .      Spirit   .   a - +0 robe
rPois   .          Reflect  .   (helmet restricted)
rElec   .          Harm     .   (no cloak)
rCorr   .          Rampage  .   (gloves unavailable)
Will    .....                   (boots unavailable)
Stlth   +.........              (no amulet)
HPRegen 1.15/turn               (no ring)
MPRegen 0.09/turn               (no ring)

@: no status effects
A: large, unfitting armour, claws 3, regeneration 1, shaggy fur 1, tough skin 1
a: Renounce Religion, Draw Escape, Draw Destruction, Draw Summoning


You were on level 3 of the Dungeon.
You worshipped Nemelex Xobeh.
Nemelex Xobeh was aware of your devotion.
You visited 1 branch of the dungeon, and saw 3 of its levels.

You collected 95 gold pieces.

Inventory:

Missiles
 b - 4 large rocks
 c - 2 throwing nets
 n - 13 poisoned darts (quivered)
Armour
 a - a +0 robe (worn)
 h - a +0 tower shield
Wands
 i - a wand of iceblast (2)
 o - a wand of mindburst (14)
Scrolls
 d - a scroll of teleportation
 j - 3 scrolls of identify {unknown}
 l - a scroll of fog {unknown}
 m - a scroll of immolation {unknown}
 p - a scroll of enchant weapon {unknown}
Potions
 e - a potion of heal wounds {unknown}
 f - a potion of brilliance {unknown}
 g - a potion of mutation {unknown}
 k - a potion of flight {unknown}


   Skills:
 + Level 0.8 Fighting
 * Level 2.4 Throwing
 + Level 2.1 Dodging
 + Level 0.4 Stealth
 * Level 3.3 Unarmed Combat
 + Level 1.0 Spellcasting
 * Level 2.6 Hexes


You had 2 spell levels left.
You knew the following spells:

 Your Spells              Type           Power      Damage    Failure   Level
a - Slow                  Hex            5%         N/A       17%         2
b - Apportation           Tloc           0%         N/A       34%         1
c - Animate Skeleton      Necr           0%         N/A       34%         1

Your spell library contained the following spells:

 Spells                   Type           Power      Damage    Failure   Level
 Magic Dart               Conj           0%         1d3       34%         1
 Summon Small Mammal      Summ           0%         N/A       34%         1
 Searing Ray              Conj           0%         2d4       45%         2
 Static Discharge         Conj/Air       0%         N/A       45%         2
 Confusing Touch          Hex            5%         N/A       34%         3
 Dazzling Flash           Conj/Hex       6%         N/A       52%         3
 Inner Flame              Hex/Fire       3%         N/A       52%         3
 Portal Projectile        Hex/Tloc       6%         N/A       52%         3
 Vampiric Draining        Necr           0%         2d6       71%         3
 Cause Fear               Hex            2%         N/A       75%         4
 Fulminant Prism          Conj/Hex       1%         3d6       89%         4
 Dispel Undead            Necr           0%         3d6       98%         4
 Iskenderun's Mystic Bla  Conj/Tloc      0%         2d3       98%         4
 Sticky Flame             Conj/Fire      0%         2d3       98%         4
 Starburst                Conj/Fire      0%         6d3       100%        6


Dungeon Overview and Level Annotations

Branches:
Dungeon (3/15)

Altars:
Nemelex Xobeh

Annotations:
D:3 1 runed translucent door, tatocazan's ghost, amateur DsFi


Innate Abilities, Weirdness & Mutations

You are too large for most types of armour.
You have claws for hands.
Your natural rate of healing is unusually fast.
You are covered in fur. (AC +1)
You have tough skin. (AC +1)


Message History

A goblin comes into view. It is wielding a +0 dagger.
The goblin shouts!
There is an escape hatch in the floor here.
A goblin is nearby!
A goblin is nearby!
The goblin hits you but does no damage.
A goblin is nearby!
You claw the goblin!
You kill the goblin!
You see here a +0 dagger.
A rat comes into view.
You see here a scroll labelled HAH XOTOAX.
A rat is nearby!
A rat is nearby!
The rat barely misses you.
A rat is nearby!
You scratch the rat.
The rat is heavily wounded.
The rat bites you.
A rat is nearby!
You scratch the rat.
You kill the rat!
Key pressed, stopping explore.
No target in view!
No target in view!
p - a scroll labelled HAH XOTOAX No target in view!
j - 3 scrolls labelled JUORUK PESEACRINA (gained 1)
Found a trident.
No target in view!
You see here a +0 trident.
You see here a +0 short sword.
Tatocazan's ghost turns its malevolent gaze towards you.
The adder hisses angrily.
Could not explore, unopened runed door.
No reachable target in view!
Could not explore, unopened runed door.
Okay, then.
You aren't carrying any pieces of jewellery.
Are you sure you want to abandon this character and quit the game? (Confirm with "yes".)

...)......#.### ##..##.##..##.
..#####...#...#######...###...##.
#.# #...#####.........#..#..#.##.
#.# #.#...#...###.######...##.##.
#.# #.###.#.### #.########.##.##.
#.# #.# #...# ###.............##.
#.# #.# #.#####..#########.#####.
#.###.##########...........# #.
........#≈!≈W≈S+@##.######## #.
###...(.########.##.# #.
#.#####.# ##..##.############.
#.# #.# #.###..............
##.#####.# #.....#############
##........# #####)#
#...#####.#########.# #...###
#.#......†..# .....†#
#...#########


You could see tatocazan's ghost and an adder.

Vanquished Creatures
  Terence (D:2)
  6 adders
  3 worms
  5 dart slugs
  2 orcs (D:3)
  9 ball pythons
  10 bats
  8 endoplasms
  3 giant cockroaches
  9 goblins
  5 hobgoblins
  3 jackals (D:1)
  2 quokkas
  10 frilled lizards
  11 kobolds
  7 rats
94 creatures vanquished.

Vanquished Creatures (others)
  4 plants (D:1)
4 creatures vanquished.

Grand Total: 98 creatures vanquished

Notes
Turn   | Place    | Note
-------+----------+-------------------------------------------
     0 | D:1      | lawman0 the Troll Arcane Marksman began the quest for the
                  | Orb.
     0 | D:1      | Reached XP level 1. HP: 18/18 MP: 1/1
    96 | D:1      | Reached XP level 2. HP: 26/26 MP: 2/2
   194 | D:1      | Learned a level 2 spell: Slow
   234 | D:1      | Reached skill level 1 in Unarmed Combat
   475 | D:1      | Reached XP level 3. HP: 32/32 MP: 3/3
  1106 | D:2      | Learned a level 1 spell: Apportation
  1108 | D:2      | Learned a level 1 spell: Animate Skeleton
  1292 | D:2      | Noticed Terence
  1299 | D:2      | Reached skill level 2 in Unarmed Combat
  1299 | D:2      | Reached XP level 4. HP: 24/40 MP: 4/4
  1319 | D:2      | Killed Terence
  1783 | D:3      | Found a runed translucent door.
  1785 | D:3      | Noticed tatocazan's ghost (amateur DsFi)
  1794 | D:3      | Reached XP level 5. HP: 46/46 MP: 5/5
  1977 | D:3      | Found a faded altar of an unknown god.
  2001 | D:3      | Prayed at the altar of an unknown god.
  2001 | D:3      | Became a worshipper of Nemelex Xobeh the Trickster
  2001 | D:3      | Reached * piety under Nemelex Xobeh
  2066 | D:3      | Reached skill level 3 in Unarmed Combat
  2429 | D:3      | Quit the game

Illustrated notes

Levels and vault maps discovered:
D:1:      dpeg_arrival_tiny_c, layout_basic, chequers_big_river,
          minmay_lizard_king
D:2:      layout_loops_ring, minmay_diced_spiral, uniq_terence
D:3:      layout_loops_ring, ebering_ghost_sewer_d,
          shapermc_ecumenical_altar_mp_ritualfount, fountainhead,
          minmay_fractal_squares_gapless_5

Skill      XL: |  1  2  3  4  5 |
---------------+----------------+-----
Unarmed Combat | 1 2 3 |  3.3
Throwing       | 2 |  2.4
Dodging        | 2 |  2.1
Fighting       | |  0.8
Stealth        | |  0.4
Spellcasting   | |  1.0
Hexes          | |  2.6

Action                   |  1- 3 |  4- 6 || total
-------------------------+-------+-------++-------
Melee: Unarmed           |   135 |   117 ||   252
Throw: Large rock        |       |     1 ||     1
       Dart              |       |     4 ||     4
  Use: Scroll            |     1 |       ||     1
 Stab: Sleeping          |     1 |     3 ||     4
Armor: Robe              |    75 |    29 ||   104
Dodge: Dodged            |    70 |    51 ||   121

Table legend: (Time is in decaauts)
 A = Elapsed time spent in this place.
 B = Non-inter-level travel time spent in this place.
 C = Inter-level travel time spent in this place.
 D = Time resting spent in this place.
 E = Time spent auto-exploring this place.
 F = Levels seen in this place.
 G = Mean time per level.
                   A        B        C        D        E       F      G
               +--------+--------+--------+--------+--------+-----+--------+
         Total |   2428 |   2389 |     39 |     20 |   1769 |   3 |  809.3 |
       Dungeon |   2428 |   2389 |     39 |     20 |   1769 |   3 |  809.3 |
               +--------+--------+--------+--------+--------+-----+--------+

Top non-repeatable levels by time:
     D:1: 964 daAuts
     D:3: 754 daAuts
     D:2: 708 daAuts
